 Dungeon Crawl Stone Soup version 0.17-a0-1479-g4041c36 (webtiles) character file.

169 urechis the Cudgeler (level 5, 0/33 HPs)
             Began as a Tengu Berserker on July 3, 2015.
             Was a Priest of Trog.
             Slain by an orc
             ... wielding a +0 falchion
              (6 damage)
             ... on level 3 of the Dungeon.
             The game lasted 00:03:49 (2024 turns).

urechis the Cudgeler (Tengu Berserker)              Turns: 2024, Time: 00:03:49

Health: 0/33       AC:  2    Str: 18    XL:     5   Next: 50%
Magic:  6/6        EV: 13    Int:  7    God:    Trog [***...]
Gold:   86         SH:  0    Dex: 14    Spells: 0 memorised, 4 levels left

rFire  . . .     SeeInvis .     a - +0 mace
rCold  . . .     Clarity  .     o - +0 animal skin
rNeg   + . .     SustAt   .     (no shield)
rPois  .         Gourm    .     (helmet restricted)
rElec  .         Spirit   .     (no cloak)
rCorr  .         Warding  .     (no gloves)
rMut   .         Stasis   .     (boots unavailable)
MR     .....                    (no amulet)
Stlth  +.........               (no ring)
                                i - ring of positive energy

@: exhausted, slowed, very slow, not resistant to hostile enchantments, very
unstealthy
A: beak, talons 3, able to fly 1
a: Fly, Burn Spellbooks, Berserk, Trog's Hand, Renounce Religion


You were on level 3 of the Dungeon.
You worshipped Trog.
Trog was most pleased with you.
You were not hungry.

You visited 1 branch of the dungeon, and saw 3 of its levels.

You collected 86 gold pieces.

Inventory:

Hand weapons
 a - a +0 mace (weapon)
 b - a +0 blowgun
Missiles
 p - 14 poisoned needles
Armour
 o - a +0 animal skin (worn)
 q - a +2 robe of fire resistance
Jewellery
 i - a ring of positive energy (left hand)
Scrolls
 f - 2 scrolls of identify {unknown}
 h - a scroll of random uselessness {unknown}
 j - 2 scrolls of amnesia {unknown}
 m - a scroll of remove curse {unknown}
 n - 3 scrolls of teleportation {unknown}
Potions
 e - a potion of lignification {unknown}
 g - a potion of degeneration {unknown}
 l - 2 potions of brilliance {unknown}
Comestibles
 c - 2 bread rations
 d - 2 fruits
 k - 2 chunks of flesh


   Skills:
 + Level 4.0 Fighting
 * Level 5.2 Maces & Flails
 - Level 2.1 Armour
 + Level 3.3 Dodging


You had 4 spell levels left.
You didn't know any spells.

Dungeon Overview and Level Annotations

Branches:
Dungeon (3/15)

Altars:
Elyvilon
Nemelex Xobeh
Qazlal
Ru


Innate Abilities, Weirdness & Mutations

You have a beak for a mouth.
You have claws for feet.
You can fly.


Message History

An orc comes into view. It is wielding a falchion.
Things that are here:
a dagger; a robe; an orc corpse You butcher the orc corpse.
The orc throws a tomahawk.
The tomahawk barely misses you.
Items here: % ( ) [ a tomahawk; a dagger; a robe; 4 chunks of flesh The orc throws a tomahawk.
The tomahawk hits you.
* * * LOW HITPOINT WARNING * * *
You see here a tomahawk.
Eat one of 3 chunks of flesh? (ye/n/q/i?) This raw flesh tastes terrible.
You continue eating.
The orc barely misses you.
You continue eating.
The orc closely misses you.
You hit the orc. Your kick misses the orc. You peck the orc, but do no damage.
The orc is heavily wounded.
The orc hits you but does no damage. The orc hits you with a falchion.
You die...

##.#.#### #.#.#
#.#.# #.#.# #.#)#
#)# #)# #######.###
#......).@# #######
#.#......o##.......
#......(.........
#.......##...o!..
..<#.##### .......
..###. .....$. ..
#. ....... #.
#######


You could see an orc.

Vanquished Creatures
  2 orc wizards (D:3)
  3 gnolls (D:3)
  An adder (D:2)
  An ooze (D:1)
  2 worms (D:2)
  A giant gecko (D:2)
  4 bats
  5 hobgoblins
  A quokka (D:2)
  4 giant cockroaches
  2 giant newts
  8 goblins
  13 jackals
  4 kobolds
  9 rats
60 creatures vanquished.

Notes
Turn   | Place    | Note
--------------------------------------------------------------
     0 | D:1      | urechis the Tengu Berserker began the quest for the Orb.
     0 | D:1      | Reached XP level 1. HP: 14/14 MP: 2/2
   112 | D:1      | Reached XP level 2. HP: 12/19 MP: 3/3
   353 | D:1      | Reached skill level 4 in Maces & Flails
   568 | D:1      | Acquired Trog's second power
   574 | D:1      | Reached XP level 3. HP: 19/23 MP: 4/4
   956 | D:2      | Found a stormy altar of Qazlal.
  1233 | D:2      | Found a sparkling altar of Nemelex Xobeh.
  1235 | D:2      | Found a white marble altar of Elyvilon.
  1280 | D:2      | Reached XP level 4. HP: 24/28 MP: 5/5
  1804 | D:3      | Found a sacrificial altar of Ru.
  2008 | D:3      | Reached skill level 5 in Maces & Flails
  2008 | D:3      | Gained mutation: You can fly. [Tengu growth]
  2008 | D:3      | Reached XP level 5. HP: 15/33 MP: 6/6
  2024 | D:3      | Slain by an orc

Vault maps used:
D:1:      evilmike_arrival_plus
D:2:      grunt_temple_overflow_open, grunt_qazlal_clouds
D:3:      lemuel_crystal_altar, first_bread

Action                   |  1- 3 |  4- 6 || total
-------------------------+-------+-------++-------
Melee: Mace              |    85 |    51 ||   136
Invok: Berserk           |       |     2 ||     2
 Stab: Sleeping          |     2 |       ||     2
  Eat: Chunk             |     1 |     5 ||     6
